 Dungeon Crawl Stone Soup version 0.22-a0-825-ga28c36f (webtiles) character file.

1 inc the Vexing (level 1, -1/7 HPs)
             Began as a Felid Enchanter on July 24, 2018.
             Slain by a giant cockroach (2 damage)
             ... on level 1 of the Dungeon.
             The game lasted 00:00:17 (52 turns).

inc the Vexing (Felid Enchanter)                      Turns: 52, Time: 00:00:18

Health: -1/7       AC:  1    Str:  4    XL:     1   Next: 16%
Magic:  3/4        EV: 18    Int: 16    God:
Gold:   0          SH:  0    Dex: 16    Spells: 3/4 levels left
                                        Lives:  0   Deaths: 0

rFire    . . .     SeeInvis +     - Unarmed
rCold    . . .     Gourm    .   (shield unavailable)
rNeg     . . .     Faith    .   (armour unavailable)
rPois    .         Spirit   .   (helmet unavailable)
rElec    .         Reflect  .   (cloak unavailable)
rCorr    .         Harm     .   (gloves unavailable)
MR       .....                  (boots unavailable)
Stlth    +++.......             (no amulet)
HPRegen  0.02/turn              (no ring)
MPRegen  0.09/turn              (no ring)

@: quick
A: very small, no armour, no weapons or thrown items, stealth, claws 1, fangs 3,
see invisible, carnivore, speed 1, shaggy fur 1, slow metabolism 1, sharp paws
a: no special abilities


You were on level 1 of the Dungeon.
You were not hungry.

You visited 1 branch of the dungeon, and saw 1 of its levels.

Inventory:

Comestibles
 b - a ration


   Skills:
 - Level 2.6 Dodging
 - Level 4.0 Stealth
 - Level 1.0 Unarmed Combat
 - Level 2.0 Spellcasting
 + Level 4.5 Hexes


You had 3 spell levels left.
You knew the following spells:

 Your Spells              Type           Power        Failure   Level  Hunger
a - Corona                Hex            ###....      3%          1    #......

Your spell library contained the following spells:

 Spells                   Type           Power        Failure   Level  Hunger
 Confuse                  Hex            ###.....     10%         3    ###....
 Tukima's Dance           Hex            ###.....     10%         3    ###....
 Ensorcelled Hibernation  Hex/Ice        #.....       12%         2    ###....
 Dazzling Spray           Conj/Hex       #.....       24%         3    ###....


Dungeon Overview and Level Annotations

Branches:
Dungeon (1/15)

Altars:


Innate Abilities, Weirdness & Mutations

You cannot wear armour.
You are incapable of wielding weapons or throwing items.
Your paws allow you to move quietly. (Stealth)
You have sharp claws.
You have razor-sharp teeth.
You have supernaturally acute eyesight. (SInv)
You are carnivorous and can eat meat at any time.
You cover ground quickly.
You are covered in fur. (AC +1)
You have a slow metabolism.
Your sharp claws are effective at attacking unaware monsters.


Message History

Confirm with . or Enter, or press ? or * to list all spells.
Aiming: Corona (safe; 3% risk of failure)
Press: ? - help, Shift-Dir - straight line, f - giant cockroach
Aim: a giant cockroach (chance to defeat MR: 71%)
The giant cockroach is outlined in light.
You scratch the giant cockroach but do no damage.
Your bite misses the giant cockroach. The giant cockroach bites you.
* * * LOW HITPOINT WARNING * * *
You scratch the giant cockroach.
The giant cockroach is severely wounded.
The giant cockroach bites you.
* * * LOW HITPOINT WARNING * * *
The giant cockroach barely misses you.
You barely miss the giant cockroach.
The giant cockroach is severely wounded.
The giant cockroach closely misses you.
You scratch the giant cockroach but do no damage.
The giant cockroach is severely wounded.
The giant cockroach bites you.
You die...

#.###....# +..#.....#
#....#.## #.###.(.##
#.##.....#####
#.#..........##
#.............#
#.............##
#@#............#
#s#....8##.....#
###.#....)..##8....#
....................#
..##.####..........##
... ##.........# ###
###.......# ##.....##
###...#


You could see a giant cockroach.

Vanquished Creatures
  A hobgoblin (D:1)
1 creature vanquished.

Notes
Turn   | Place    | Note
-------+----------+-------------------------------------------
     0 | D:1      | inc the Felid Enchanter began the quest for the Orb.
     0 | D:1      | Reached XP level 1. HP: 7/7 MP: 4/4
    52 | D:1      | Slain by a giant cockroach

Vault maps used:
D:1:      eino_arrival_cavern_d

Action                   || total
-------------------------++-------
Melee: Unarmed           ||     8
 Cast: Corona            ||     3
Dodge: Dodged            ||     6

Table legend:
 A = Spawn XP
 B = Non-spawn XP
 C = Spawn XP percentage of total XP
 D = Spawn monster count
 E = Non-spawn monster count
 F = Spawn count percentage of total count
 G = Total turns spent on level
                    A         B        C        D         E        F      G
               +---------+---------+-------+---------+---------+-------+---------
         Total |       0 |       2 |   0.0 |       0 |       1 |   0.0 |    52
               +---------+---------+-------+---------+---------+-------+---------
           D:1 |       0 |       2 |   0.0 |       0 |       1 |   0.0 |    52
               +---------+---------+-------+---------+---------+-------+---------
